 Dungeon Crawl Stone Soup version 0.27-a0-277-g024f7ef292 (webtiles) character file.

Game seed: 18142298048400433087

12 skwiii the Caller (level 2, 0/19 HPs)
             Began as a Merfolk Summoner on Feb 6, 2021.
             Slain by an adder (3 damage)
             ... on level 2 of the Dungeon.
             The game lasted 00:02:58 (1292 turns).

skwiii the Caller (Merfolk Summoner)                Turns: 1292, Time: 00:02:58

Health: 0/19       AC:  3    Str:  8    XL:     2   Next: 33%
Magic:  2/5        EV: 13    Int: 14    God:
Gold:   61         SH:  0    Dex: 14    Spells: 4/5 levels left

rFire    . . .     SeeInvis .   (no weapon)
rCold    . . .     Faith    .   (no shield)
rNeg     . . .     Spirit   .   a - +1 robe
rPois    .         Reflect  .   (no helmet)
rElec    .         Harm     .   (no cloak)
rCorr    .         Rampage  .   (no gloves)
Will     .....                  (no boots)
Stlth    ++........             (no amulet)
HPRegen  0.06/turn              (no ring)
MPRegen  0.09/turn              (no ring)

@: lethally poisoned (0 -> -9)
A: change form in water, swift swim, stealthy swim
a: no special abilities


You were on level 2 of the Dungeon.
You visited 1 branch of the dungeon, and saw 2 of its levels.

You collected 61 gold pieces.

Inventory:

Armour
 a - a +1 robe (worn)
Scrolls
 b - a scroll of enchant armour
 c - a scroll of immolation {unknown}
 d - a scroll of enchant weapon {unknown}
Potions
 e - 2 potions of heal wounds {unknown}


   Skills:
 - Level 2.6 Dodging
 - Level 2.1 Stealth
 + Level 2.4 Spellcasting
 + Level 4.3 Summonings


You had 4 spell levels left.
You knew the following spells:

 Your Spells              Type           Power        Failure   Level
a - Summon Small Mammal   Summ           52%          4%          1

Your spell library contained the following spells:

 Spells                   Type           Power        Failure   Level
 Call Imp                 Summ           13%          6%          2
 Call Canine Familiar     Summ           13%          12%         3
 Summon Guardian Golem    Hex/Summ       7%           28%         3
 Summon Ice Beast         Ice/Summ       7%           67%         4
 Summon Lightning Spire   Summ/Air       7%           67%         4


Dungeon Overview and Level Annotations

Branches:
Dungeon (2/15)

Altars:
Okawaru


Message History

Your bat barely misses the adder.
Your bat hits the adder.
Casting: Summon Small Mammal (safe; 4% risk of failure)
Confirm with . or Enter, or press ? or * to list all spells.
Your bat hits the adder but does no damage.
The adder bites you.
You are lethally poisoned!
The adder poisons you!
You swap places.
You feel sick.
Your bat hits the adder.
Your bat closely misses the adder.
The adder barely misses you.
Your quokka barely misses the adder.
Your rat bites the adder.
You feel sick.
Your bat hits the adder but does no damage.
The adder bites you.
Your rat misses the adder.
You feel sick. The adder bites you.
Your bat closely misses the adder.
Your rat misses the adder.
You feel sick.
Your bat hits the adder. The adder bites you.
* * * LOW HITPOINT WARNING * * *
Your quokka misses the adder.
Your rat bites the adder.
Your bat closely misses the adder.
The adder bites you.
You die...

#####
##...##
#.8r8@#
#..rS.#
#.8b8.#
##...##
##.##
...
#####


You could see an adder, a friendly quokka (summoned), a friendly bat (summoned)
and a friendly rat (summoned).

Vanquished Creatures
  A rat (D:1)
1 creature vanquished.

Vanquished Creatures (collateral kills)
  A leopard gecko (D:1)
  2 giant cockroaches (D:1)
  2 goblins (D:1)
  2 hobgoblins (D:1)
  3 bats (D:1)
  4 kobolds (D:1)
  2 rats (D:1)
16 creatures vanquished.

Grand Total: 17 creatures vanquished

Notes
Turn   | Place    | Note
-------+----------+-------------------------------------------
     0 | D:1      | skwiii the Merfolk Summoner began the quest for the Orb.
     0 | D:1      | Reached XP level 1. HP: 13/13 MP: 3/3
   473 | D:1      | Reached XP level 2. HP: 17/19 MP: 0/5
   661 | D:1      | Found an iron altar of Okawaru.
  1292 | D:2      | Slain by an adder

Illustrated notes

Levels and vault maps discovered:
D:1:      wander_arrival_desolate, layout_basic, okawaru_ov_weapons_minmay
D:2:      layout_loops_ring, pdpol_wu_jian_five_deadly_venoms,
          marbit_many_paths, grunt_ministairs_11

Action                   || total
-------------------------++-------
Melee: Unarmed           ||    12
 Cast: Summon Small Mamm ||    30
  Use: Scroll            ||     1
Armor: Robe              ||     6
Dodge: Dodged            ||    25

Table legend: (Time is in decaauts)
 A = Elapsed time spent in this place.
 B = Non-inter-level travel time spent in this place.
 C = Inter-level travel time spent in this place.
 D = Time resting spent in this place.
 E = Time spent auto-exploring this place.
 F = Levels seen in this place.
 G = Mean time per level.
                   A        B        C        D        E       F      G
               +--------+--------+--------+--------+--------+-----+--------+
         Total |   1291 |   1291 |      0 |    228 |    616 |   2 |  645.5 |
       Dungeon |   1291 |   1291 |      0 |    228 |    616 |   2 |  645.5 |
               +--------+--------+--------+--------+--------+-----+--------+

Top non-repeatable levels by time:
     D:1: 1282 daAuts
     D:2: 9 daAuts
